 Dungeon Crawl Stone Soup version 0.28.0-43-g3370ac3207 (webtiles) character file.

Game seed: 2923802441869804089

53 Ablot the Grasshopper (level 3, -3/31 HPs)
             Began as a Gnoll Warper on Mar 5, 2022.
             Killed by divine providence
             ... invoked by a smoke demon
              (14 damage)
             ... on level 2 of the Abyss.
             The game lasted 00:03:10 (3066 turns).

Ablot the Grasshopper (Gnoll Warper)                Turns: 3066, Time: 00:03:11

Health: -3/31      AC:  4    Str: 18    XL:     3   Next: 87%
Magic:  9/9        EV: 13    Int: 12    God:
Gold:   61         SH:  0    Dex: 11    Spells: 10/12 levels left

rFire   + . .      SeeInvis .   n - +0 dagger (venom)
rCold   . . .      Faith    .   (no shield)
rNeg    . . .      Spirit   .   b - +0 leather armour
rPois   .          Reflect  .   t - +0 helmet
rElec   .          Harm     .   (no cloak)
rCorr   .          Rampage  .   (no gloves)
Will    .....                   (no boots)
Stlth   +.........              (no amulet)
HPRegen 0.10/turn               l - ring of protection from fire
MPRegen 0.11/turn               r - +6 ring of strength

@: no status effects
A: fangs 1, strong nose, distributed training
a: no special abilities


You were on level 2 of the Abyss.
You visited 1 branch of the dungeon, and saw 3 of its levels.
You visited the Abyss 1 time.

You collected 61 gold pieces.

Inventory:

Hand Weapons
 a - a +0 spear
 e - a +0 hunting sling
 n - a +0 dagger of venom (weapon)
Missiles
 d - 5 boomerangs of dispersal (quivered)
 j - 42 stones
 o - 53 arrows
 q - 11 bolts
Armour
 b - a +0 leather armour (worn)
 t - a +0 helmet (worn)
Magical Staves
 u - a staff of earth
Jewellery
 l - a ring of protection from fire (left hand)
 r - a +6 ring of strength (right hand)
Scrolls
 c - a scroll of blinking
 g - a scroll of noise {unknown}
 h - a scroll of immolation {unknown}
 i - a scroll of teleportation {unknown}
 m - a scroll of fear {unknown}
 s - a scroll of acquirement {unknown}
Potions
 f - 3 potions of might {unknown}
 k - 2 potions of curing {unknown}
 p - a potion of brilliance {unknown}


   Skills:
 + Level 4.6 Fighting
 + Level 1.0 Short Blades
 + Level 1.0 Long Blades
 + Level 1.0 Axes
 + Level 1.0 Maces & Flails
 + Level 4.6 Polearms
 + Level 1.0 Staves
 + Level 1.0 Slings
 + Level 1.0 Bows
 + Level 1.0 Crossbows
 + Level 2.6 Throwing
 + Level 2.6 Armour
 + Level 4.6 Dodging
 + Level 1.0 Stealth
 + Level 1.0 Shields
 + Level 1.0 Unarmed Combat
 + Level 5.0 Spellcasting
 + Level 0.7 Conjurations
 + Level 0.7 Hexes
 + Level 0.7 Summonings
 + Level 0.7 Necromancy
 + Level 5.4 Translocations
 + Level 0.7 Transmutations
 + Level 0.7 Fire Magic
 + Level 0.7 Ice Magic
 + Level 0.7 Air Magic
 + Level 0.7 Earth Magic
 + Level 0.7 Poison Magic
 + Level 1.0 Invocations
 + Level 1.0 Evocations


You had 10 spell levels left.
You knew the following spells:

 Your Spells              Type           Power      Damage    Failure   Level
a - Blink                 Tloc           32%        N/A       3%          2

Your spell library contained the following spells:

 Spells                   Type           Power      Damage    Failure   Level
 Gell's Gravitas          Tloc           16%        N/A       8%          3
 Lesser Beckoning         Tloc           16%        N/A       8%          3
 Teleport Other           Tloc           16%        N/A       8%          3
 Ensorcelled Hibernation  Hex/Ice        8%         N/A       26%         2
 Passwall                 Tmut/Erth      3%         N/A       26%         2
 Static Discharge         Conj/Air       4%         N/A       26%         2
 Swiftness                Air            4%         N/A       47%         3
 Manifold Assault         Tloc           16%        N/A       56%         5
 Dispel Undead            Necr           4%         3d7       87%         4
 Sticky Flame             Conj/Fire      4%         2d3       87%         4


Dungeon Overview and Level Annotations

Branches:
Dungeon (3/15)

Altars:


Innate Abilities, Weirdness & Mutations

You have very sharp teeth.
Your uncanny sense of smell can sniff out nearby items.
Your experience applies equally to all skills.


Message History

You feel yourself growing ill in the presence of the ancient zyme.
The ancient zyme completely misses you. The ancient zyme barely misses you.
Casting: Blink (safe; 3% risk of failure)
Confirm with . or Enter, or press ? or * to list all spells.
You blink.
You feel ill.
Found a gateway leading deeper into the Abyss.
You feel ill.
You feel stable enough to blink again.
The jumping spider hisses angrily.
The jumping spider leaps!
The jumping spider pounces on you. The jumping spider barely misses you.
Found a gateway leading deeper into the Abyss.
There is a gateway leading deeper into the Abyss here.
The jumping spider pounces on you. The jumping spider barely misses you.
You feel ill. The jumping spider pounces on you.
* * * LOW HITPOINT WARNING * * *
You are caught in a web!
The jumping spider bites you.
* * * LOW HITPOINT WARNING * * *
You plunge deeper into the Abyss.
Found a corrupted altar of Lugonu.
A nagaraja skeleton comes into view.
You start resting.
A thrashing horror comes into view.
The thrashing horror moves out of view.
You start resting.
You feel your health improve.
You start resting.
A nagaraja skeleton is nearby!
A smoke demon comes into view.
You start resting.
A raiju comes into view.
The smoke demon roars!
The raiju barks!
You hear a bark!
The smoke demon hits you. The smoke demon closely misses you.
The smoke demon hits you but does no damage.
The smoke demon barely misses you. The smoke demon completely misses you.
The smoke demon hits you but does no damage.
A raiju comes into view.
The smoke demon gestures at you. Something smites you!
You die...

## # . #.# .
§§## . .#§#.
## . . #
...##. . #
#..#. .#. #.
#h..# #... #..
#...#..##
##.§##..@....#
##.#.#3...##.#
#......#.#.#
#####.######
#..# #..# ####


You could see a smoke demon and a raiju.

Vanquished Creatures
  An adder (D:3)
  A white imp (Abyss:1)
  2 worms
  A dart slug (D:2)
  4 ball pythons
  3 bats
  3 endoplasms
  3 giant cockroaches (D:1)
  4 goblins
  2 hobgoblins
  2 jackals (D:2)
  2 quokkas
  A frilled lizard (D:2)
  2 kobolds
  3 rats
34 creatures vanquished.

Notes
Turn   | Place    | Note
-------+----------+-------------------------------------------
     0 | D:1      | Ablot the Gnoll Warper began the quest for the Orb.
     0 | D:1      | Reached XP level 1. HP: 20/20 MP: 6/6
   246 | D:1      | Reached XP level 2. HP: 26/26 MP: 7/7
   249 | D:1      | Learned a level 2 spell: Blink
  1087 | D:2      | Reached XP level 3. HP: 31/31 MP: 9/9
  1097 | D:2      | Reached skill level 5 in Spellcasting
  1941 | D:2      | Found a faded altar of an unknown god.
  2324 | D:3      | Reached skill level 1 in Invocations
  2537 | D:3      | Reached skill level 1 in Short Blades
  2537 | D:3      | Reached skill level 1 in Long Blades
  2537 | D:3      | Reached skill level 1 in Axes
  2537 | D:3      | Reached skill level 1 in Maces & Flails
  2537 | D:3      | Reached skill level 1 in Staves
  2537 | D:3      | Reached skill level 1 in Slings
  2537 | D:3      | Reached skill level 1 in Bows
  2537 | D:3      | Reached skill level 1 in Crossbows
  2537 | D:3      | Reached skill level 1 in Stealth
  2537 | D:3      | Reached skill level 1 in Shields
  2537 | D:3      | Reached skill level 1 in Unarmed Combat
  2537 | D:3      | Reached skill level 1 in Evocations
  2668 | D:3      | Cast into level 1 of the Abyss (orc priest)
  2804 | Abyss:1  | Noticed an ancient zyme
  2822 | Abyss:1  | Noticed a jumping spider
  2822 | Abyss:1  | a shapeshifter changed into a jumping spider
  2830 | Abyss:2  | Found a corrupted altar of Lugonu.
  2935 | Abyss:2  | Noticed a thrashing horror
  2950 | Abyss:2  | Noticed a smoke demon
  3062 | Abyss:2  | Noticed a raiju
  3064 | Abyss:2  | Noticed a raiju
  3066 | Abyss:2  | Killed from afar by a smoke demon

Illustrated notes

Levels and vault maps discovered:
D:1:      lemuel_arrival_room, layout_loops_ring, kennysheep_small_spiral
D:2:      layout_basic, dreamdust_ecumenical_altar_statues
D:3:      cheibrodos_pilgrimage, layout_loops_cross
Abyss:2:  base:
D:3

Skill      XL: |  1  2  3 |
---------------+----------+-----
Spellcasting   | 5 |  5.0
Invocations    | 1 |  1.0
Short Blades   | 1 |  1.0
Long Blades    | 1 |  1.0
Axes           | 1 |  1.0
Maces & Flails | 1 |  1.0
Staves         | 1 |  1.0
Slings         | 1 |  1.0
Bows           | 1 |  1.0
Crossbows      | 1 |  1.0
Stealth        | 1 |  1.0
Shields        | 1 |  1.0
Unarmed Combat | 1 |  1.0
Evocations     | 1 |  1.0
Fighting       | |  4.6
Polearms       | |  4.6
Throwing       | |  2.6
Armour         | |  2.6
Dodging        | |  4.6
Conjurations   | |  0.7
Hexes          | |  0.7
Summonings     | |  0.7
Necromancy     | |  0.7
Translocations | |  5.4
Transmutations | |  0.7
Fire Magic     | |  0.7
Ice Magic      | |  0.7
Air Magic      | |  0.7
Earth Magic    | |  0.7
Poison Magic   | |  0.7

Action                   || total
-------------------------++-------
Melee: Spear             ||    75
       Bite              ||    12
       Punch             ||     3
       Dagger            ||    63
 Cast: Blink             ||     1
 Stab: Sleeping          ||     1
       Distracted        ||     1
Armor: Leather armour    ||    42
Dodge: Dodged            ||    57
